TOP OF THE 1ST |
Barry's Bay Orioles batting - Pitching for Plumstead Eagles : RHP Aubrey Cote
|
Pitching: RHP Aubrey Cote
|
|
Batting: RHB Luis Suárez
|
0-0: Called Strike 0-1: Called Strike 0-2: Ball 1-2: Ball 2-2: Foul Ball, location: 2F 2-2: Strikes out swinging
|
Batting: RHB Félix Quintero
|
0-0: Ball 1-0: Called Strike 1-1: Foul Ball, location: 2F 1-2: Ball 2-2: Foul Ball, location: 2F 2-2: Foul Ball, location: 2F 2-2: Strikes out swinging
|
Batting: RHB Tom Hughes
|
0-0: Ball 1-0: Ball 2-0: Ball 3-0: Called Strike 3-1: Ground out 6-3 (Groundball, 6)
|
Top of the 1st over - 0 run(s), 0 hit(s), 0 error(s), 0 left on base; Barry's Bay 0 - Plumstead 0 |
BOTTOM OF THE 1ST |
Plumstead Eagles batting - Pitching for Barry's Bay Orioles : RHP Manny Guerra
|
Pitching: RHP Manny Guerra
|
|
Batting: RHB Diego Ledezma
|
0-0: Called Strike 0-1: Foul Ball, location: 2F 0-2: Ball 1-2: Fly out, F8 (Flyball, 8LM)
|
Batting: RHB Ethan Moore
|
0-0: Ball 1-0: Ball 2-0: Foul Ball, location: 2F 2-1: SINGLE (Flyball, 9S)
|
Batting: RHB Germano Labrego
|
0-0: Swinging Strike 0-1: Fly out, F7 (Flyball, 78M)
|
Batting: RHB Juan Caceres
|
0-0: Swinging Strike 0-1: Ball 1-1: Ball Ethan Moore steals 2nd base 2-1: Called Strike 2-2: Ball 3-2: Base on Balls
|
Batting: RHB Donald Sanford
|
0-0: Fly out, F7 (Line Drive, 7M)
|
Bottom of the 1st over - 0 run(s), 1 hit(s), 0 error(s), 2 left on base; Barry's Bay 0 - Plumstead 0 |
TOP OF THE 2ND |
Barry's Bay Orioles batting - Pitching for Plumstead Eagles : RHP Aubrey Cote
|
Batting: RHB Jeremy Flemming
|
0-0: Called Strike 0-1: Swinging Strike 0-2: Strikes out swinging
|
Batting: RHB Brian Parks
|
0-0: Ball 1-0: Called Strike 1-1: Foul Ball, location: 2F 1-2: Ball 2-2: Ground out 5-3 (Groundball, 5S)
|
Batting: SHB Walt Simmons
|
0-0: Ball 1-0: Ball 2-0: Ball 3-0: Called Strike 3-1: Called Strike 3-2: Base on Balls
|
Batting: LHB Carlos Romero
|
0-0: Ground out 4-3 (Groundball, 34)
|
Top of the 2nd over - 0 run(s), 0 hit(s), 0 error(s), 1 left on base; Barry's Bay 0 - Plumstead 0 |
BOTTOM OF THE 2ND |
Plumstead Eagles batting - Pitching for Barry's Bay Orioles : RHP Manny Guerra
|
Batting: RHB Von Ford
|
0-0: Ball 1-0: Foul Ball, location: 2F 1-1: Foul Ball, location: 2F 1-2: Strikes out swinging
|
Batting: RHB Marvin Beauregard
|
0-0: Fly out, F3 (Popup, 3F)
|
Batting: RHB Carlos Palomón
|
0-0: Ball 1-0: Ball 2-0: Called Strike 2-1: Foul Ball, location: 2F 2-2: Ball 3-2: Foul Ball, location: 2F 3-2: Ground out 1-3 (Groundball, 15)
|
Bottom of the 2nd over - 0 run(s), 0 hit(s), 0 error(s), 0 left on base; Barry's Bay 0 - Plumstead 0 |
TOP OF THE 3RD |
Barry's Bay Orioles batting - Pitching for Plumstead Eagles : RHP Aubrey Cote
|
Batting: RHB Jesús Villalobos
|
0-0: Ball 1-0: Called Strike 1-1: Swinging Strike 1-2: Strikes out swinging
|
Batting: RHB Rob Schmidt
|
0-0: Ball 1-0: Called Strike 1-1: SINGLE (Flyball, 8RS)
|
Batting: RHB Luis Suárez
|
0-0: Called Strike 0-1: Ball 1-1: SINGLE (Groundball, 34) Rob Schmidt to second Runner from 2nd tries for 3rd, SAFE, throw made to third Luis Suárez to second
|
Batting: RHB Félix Quintero
|
0-0: Called Strike 0-1: Ball 1-1: Foul Ball, location: 2F 1-2: Foul Ball, location: 2F 1-2: Strikes out looking
|
Batting: RHB Tom Hughes
|
0-0: Ground out 5-3 (Groundball, 5S)
|
Top of the 3rd over - 0 run(s), 2 hit(s), 0 error(s), 2 left on base; Barry's Bay 0 - Plumstead 0 |
BOTTOM OF THE 3RD |
Plumstead Eagles batting - Pitching for Barry's Bay Orioles : RHP Manny Guerra
|
Batting: LHB Dennis McConnell
|
0-0: Ground out 4-3 (Groundball, 4)
|
Batting: RHB Diego Ledezma
|
0-0: Ball 1-0: Fly out, F8 (Line Drive, 8LM)
|
Batting: RHB Ethan Moore
|
0-0: Swinging Strike 0-1: Swinging Strike 0-2: SINGLE (Groundball, 56D)
|
Batting: RHB Germano Labrego
|
0-0: Foul Ball, location: 2F 0-1: Ball 1-1: Swinging Strike 1-2: Ball 2-2: Fly out, F7 (Flyball, 7D)
|
Bottom of the 3rd over - 0 run(s), 1 hit(s), 0 error(s), 1 left on base; Barry's Bay 0 - Plumstead 0 |
TOP OF THE 4TH |
Barry's Bay Orioles batting - Pitching for Plumstead Eagles : RHP Aubrey Cote
|
Batting: RHB Jeremy Flemming
|
0-0: Called Strike 0-1: SINGLE (Line Drive, 7LS)
|
Batting: RHB Brian Parks
|
0-0: Foul Ball, location: 2F 0-1: Foul Ball, location: 2F 0-2: Strikes out swinging
|
Batting: SHB Walt Simmons
|
0-0: Ball 1-0: Ball 2-0: Foul Ball, location: 2F 2-1: Fly out, F6 (Line Drive, 6M)
|
Batting: LHB Carlos Romero
|
0-0: Called Strike 0-1: Ball 1-1: Called Strike 1-2: Ball Jeremy Flemming is caught stealing 2nd base
|
Top of the 4th over - 0 run(s), 1 hit(s), 0 error(s), 0 left on base; Barry's Bay 0 - Plumstead 0 |
BOTTOM OF THE 4TH |
Plumstead Eagles batting - Pitching for Barry's Bay Orioles : RHP Manny Guerra
|
Batting: RHB Juan Caceres
|
0-0: Called Strike 0-1: Ground out 5-3 (Groundball, 56S)
|
Batting: RHB Donald Sanford
|
0-0: Ball 1-0: Called Strike 1-1: Ball 2-1: Ball 3-1: Foul Ball, location: 2F 3-2: Foul Ball, location: 2F 3-2: Fly out, F8 (Flyball, 8LD)
|
Batting: RHB Von Ford
|
0-0: Called Strike 0-1: Ball 1-1: Foul Ball, location: 2F 1-2: Ball 2-2: Foul Ball, location: 2F 2-2: Ball 3-2: Base on Balls
|
Batting: RHB Marvin Beauregard
|
0-0: Ball 1-0: Hit by Pitch Von Ford to second
|
Batting: RHB Carlos Palomón
|
0-0: Fly out, F8 (Flyball, 8RM)
|
Bottom of the 4th over - 0 run(s), 0 hit(s), 0 error(s), 2 left on base; Barry's Bay 0 - Plumstead 0 |
TOP OF THE 5TH |
Barry's Bay Orioles batting - Pitching for Plumstead Eagles : RHP Aubrey Cote
|
Batting: LHB Carlos Romero
|
0-0: Ball 1-0: Called Strike 1-1: Fly out, F6 (Line Drive, 6)
|
Batting: RHB Jesús Villalobos
|
0-0: Called Strike 0-1: Called Strike 0-2: Strikes out swinging
|
Batting: RHB Rob Schmidt
|
0-0: Ball 1-0: Swinging Strike 1-1: Called Strike 1-2: Ball 2-2: Ground out 6-3 (Groundball, 6M)
|
Top of the 5th over - 0 run(s), 0 hit(s), 0 error(s), 0 left on base; Barry's Bay 0 - Plumstead 0 |
BOTTOM OF THE 5TH |
Plumstead Eagles batting - Pitching for Barry's Bay Orioles : RHP Manny Guerra
|
Batting: LHB Dennis McConnell
|
0-0: Ball 1-0: Foul Ball, location: 2F 1-1: Foul Ball, location: 2F 1-2: Strikes out swinging
|
Batting: RHB Diego Ledezma
|
0-0: Called Strike 0-1: Ball 1-1: Ball 2-1: Ball 3-1: Foul Ball, location: 2F 3-2: Strikes out swinging
|
Batting: RHB Ethan Moore
|
0-0: Fly out, F9 (Flyball, 9M)
|
Bottom of the 5th over - 0 run(s), 0 hit(s), 0 error(s), 0 left on base; Barry's Bay 0 - Plumstead 0 |
TOP OF THE 6TH |
Barry's Bay Orioles batting - Pitching for Plumstead Eagles : RHP Aubrey Cote
|
Batting: RHB Luis Suárez
|
0-0: Ball 1-0: Called Strike 1-1: SINGLE (Line Drive, 56D)
|
Batting: RHB Félix Quintero
|
0-0: Grounds into double play, 6-4-3 (Groundball, 6)
|
Batting: RHB Tom Hughes
|
0-0: Foul Ball, location: 2F 0-1: Ball 1-1: Foul Ball, location: 2F 1-2: Foul Ball, location: 2F 1-2: Ball 2-2: Ball 3-2: Strikes out swinging
|
Top of the 6th over - 0 run(s), 1 hit(s), 0 error(s), 0 left on base; Barry's Bay 0 - Plumstead 0 |
BOTTOM OF THE 6TH |
Plumstead Eagles batting - Pitching for Barry's Bay Orioles : RHP Manny Guerra
|
Batting: RHB Germano Labrego
|
0-0: Called Strike 0-1: Ball 1-1: Ground out 6-3 (Groundball, 6M)
|
Batting: RHB Juan Caceres
|
0-0: Called Strike 0-1: Ground out 5-3 (Groundball, 56)
|
Batting: RHB Donald Sanford
|
0-0: Swinging Strike 0-1: Ball 1-1: Ball 2-1: Ball 3-1: Foul Ball, location: 2F 3-2: Strikes out swinging
|
Bottom of the 6th over - 0 run(s), 0 hit(s), 0 error(s), 0 left on base; Barry's Bay 0 - Plumstead 0 |
TOP OF THE 7TH |
Barry's Bay Orioles batting - Pitching for Plumstead Eagles : RHP Aubrey Cote
|
Batting: RHB Jeremy Flemming
|
0-0: Swinging Strike 0-1: Ball 1-1: Foul Ball, location: 2F 1-2: Foul Ball, location: 2F 1-2: Foul Ball, location: 2F 1-2: Ball 2-2: Strikes out swinging
|
Pitching: RHP José Gómez
|
|
Batting: RHB Brian Parks
|
0-0: Swinging Strike 0-1: Ball 1-1: Foul Ball, location: 2F 1-2: Ball 2-2: Strikes out swinging
|
Pinch Hitting: RHB Manuel Pérez
|
0-0: Ball 1-0: Ball 2-0: Ball 3-0: Base on Balls
|
Pinch Hitting: LHB Diego González
|
0-0: Ball Manuel Pérez steals 2nd base 1-0: Called Strike 1-1: Called Strike 1-2: Ball 2-2: Foul Ball, location: 2F 2-2: Ball 3-2: Base on Balls
|
Batting: RHB Jesús Villalobos
|
0-0: Ball 1-0: Called Strike 1-1: Foul Ball, location: 2F 1-2: Strikes out looking
|
Top of the 7th over - 0 run(s), 0 hit(s), 0 error(s), 2 left on base; Barry's Bay 0 - Plumstead 0 |
BOTTOM OF THE 7TH |
Plumstead Eagles batting - Pitching for Barry's Bay Orioles : RHP Manny Guerra
|
Now at 1B: Manuel Pérez
|
|
Now in RF: Diego González
|
|
Batting: RHB Von Ford
|
0-0: Called Strike 0-1: Ball 1-1: Ball 2-1: Foul Ball, location: 2F 2-2: Foul Ball, location: 2F 2-2: Ball 3-2: Ground out 4-3 (Groundball, 4)
|
Pitching: RHP Gabriel Pérez
|
|
Pinch Hitting: RHB Ron King
|
0-0: SINGLE (Groundball, 6MD)
|
Pinch Hitting: RHB J.J. Leslie
|
0-0: Ball 1-0: Ball 2-0: Called Strike 2-1: Ball 3-1: Base on Balls Ron King to second
|
Pinch Hitting: RHB José Moreno
|
0-0: Ball 1-0: Called Strike 1-1: Foul Ball, location: 2F 1-2: Ball 2-2: Strikes out swinging
|
Batting: RHB Diego Ledezma
|
0-0: Swinging Strike 0-1: Ball 1-1: Foul Ball, location: 2F 1-2: Ball 2-2: Ball 3-2: Fly out, F8 (Flyball, 8RS)
|
Bottom of the 7th over - 0 run(s), 1 hit(s), 0 error(s), 2 left on base; Barry's Bay 0 - Plumstead 0 |
TOP OF THE 8TH |
Barry's Bay Orioles batting - Pitching for Plumstead Eagles : RHP José Gómez
|
Now at SS: José Moreno
|
|
Now in LF: Jeff West
|
|
Now in RF: J.J. Leslie
|
|
Batting: RHB Rob Schmidt
|
0-0: Ground out 6-3 (Groundball, 6)
|
Pinch Hitting: RHB Tommy Wilson
|
0-0: Called Strike 0-1: Ball 1-1: Ball 2-1: DOUBLE (Line Drive, 7LM)
|
Batting: RHB Félix Quintero
|
0-0: Ball 1-0: Ball 2-0: Foul Ball, location: 2F 2-1: Foul Ball, location: 2F 2-2: Ball 3-2: Base on Balls
|
Batting: RHB Tom Hughes
|
0-0: Called Strike 0-1: Ball 1-1: Ball 2-1: Foul Ball, location: 2F 2-2: Ground out 5-3 (Groundball, 5S) Tommy Wilson to third Félix Quintero to second
|
Batting: RHB Jeremy Flemming
|
0-0: Called Strike 0-1: Ball 1-1: Called Strike 1-2: Ball 2-2: Ball 3-2: Foul Ball, location: 2F 3-2: Foul Ball, location: 2F 3-2: Base on Balls
|
Batting: RHB Brian Parks
|
0-0: Ball 1-0: Ball 2-0: Ball 3-0: Called Strike 3-1: Swinging Strike 3-2: Strikes out swinging
|
Top of the 8th over - 0 run(s), 1 hit(s), 0 error(s), 3 left on base; Barry's Bay 0 - Plumstead 0 |
BOTTOM OF THE 8TH |
Plumstead Eagles batting - Pitching for Barry's Bay Orioles : RHP Gabriel Pérez
|
Now in LF: Jesús Castillo
|
|
Batting: RHB Ethan Moore
|
0-0: Called Strike 0-1: Ball 1-1: Ball 2-1: Ball 3-1: Base on Balls
|
Batting: RHB Germano Labrego
|
0-0: Foul Ball, location: 2F 0-1: Ball 1-1: Ball 2-1: Swinging Strike 2-2: Ground out 5-3 (Groundball, 5S) Ethan Moore to second
|
Batting: RHB Juan Caceres
|
0-0: Called Strike 0-1: Foul Ball, location: 2F 0-2: Ball 1-2: Foul Ball, location: 2F 1-2: Strikes out swinging
|
Batting: RHB Donald Sanford
|
0-0: Called Strike 0-1: Ball 1-1: Ball 2-1: Ball 3-1: Base on Balls
|
Batting: RHB Von Ford
|
0-0: Ball 1-0: Ball 2-0: Called Strike 2-1: Ball 3-1: Foul Ball, location: 2F 3-2: Foul Ball, location: 2F 3-2: SINGLE (Line Drive, 56D) Ethan Moore to third Donald Sanford to second Ethan Moore scores Donald Sanford to third
|
Pinch Hitting: RHB Kolomon Meise
|
Pickoff Throw to First - Out!
|
Bottom of the 8th over - 1 run(s), 1 hit(s), 0 error(s), 0 left on base; Barry's Bay 0 - Plumstead 1 |
TOP OF THE 9TH |
Barry's Bay Orioles batting - Pitching for Plumstead Eagles : RHP José Gómez
|
Pitching: LHP Pat Bruce
|
|
Now at SS: Pablo Villarreal
|
|
Now in LF: Arturo Álvarez
|
|
Batting: RHB Manuel Pérez
|
0-0: Ball 1-0: Ball 2-0: Foul Ball, location: 2F 2-1: Called Strike 2-2: Strikes out swinging
|
Batting: LHB Diego González
|
0-0: Swinging Strike 0-1: Foul Ball, location: 2F 0-2: Ball 1-2: Ball 2-2: Ball 3-2: Ground out 1-3 (Groundball, 13)
|
Batting: RHB Jesús Villalobos
|
0-0: Called Strike 0-1: Fly out, F2 (Popup, 2LF)
|
Top of the 9th over - 0 run(s), 0 hit(s), 0 error(s), 0 left on base; Barry's Bay 0 - Plumstead 1 |
|